 Dungeon Crawl Stone Soup version 0.18-a0-965-g9200175 (webtiles) character file.

92 M4edhros the Sneak (level 4, -8/28 HPs)
             Began as an Octopode Artificer on Jan 1, 2016.
             Killed from afar by Natasha (11 damage)
             ... with a wand of flame
             ... on level 4 of the Dungeon.
             The game lasted 00:01:18 (833 turns).

M4edhros the Sneak (Octopode Artificer)              Turns: 833, Time: 00:01:18

Health: -8/28      AC:  1    Str: 10    XL:     4   Next: 60%
Magic:  6/6        EV: 13    Int: 12    God:
Gold:   57         SH:  0    Dex: 12    Spells: 0 memorised, 3 levels left

rFire  . . .     SeeInvis .     a - +0 short sword
rCold  . . .     Gourm    .     (no shield)
rNeg   . . .     Faith    .     (helmet restricted)
rPois  .         Spirit   .     (no amulet)
rElec  .         Dismiss  .     i - -3 ring of intelligence (curse)
rCorr  .         Reflect  .     (no ring)
SustAt .         Harm     .     (no ring)
MR     .....                    (no ring)
Stlth  ++++......               (no ring)
                                (no ring)
                                (no ring)
                                (no ring)

@: not resistant to hostile enchantments, stealthy
A: almost no armour, amphibious, 8 rings, constrict 8, camouflage 1, gelatinous
body 1
a: no special abilities


You were on level 4 of the Dungeon.
You were not hungry.

You visited 1 branch of the dungeon, and saw 4 of its levels.

You collected 57 gold pieces.

Inventory:

Hand Weapons
 a - a +0 short sword (weapon)
Missiles
 k - 36 stones (quivered)
Jewellery
 i - a cursed -3 ring of intelligence (left tentacle)
Wands
 b - a wand of flame (13/48)
 c - a wand of enslavement (14/24)
 d - a wand of random effects (14/48)
Scrolls
 h - a scroll of teleportation {unknown}
 j - 2 scrolls of remove curse {unknown}
 l - 3 scrolls of identify {unknown}
Potions
 e - a potion of invisibility {unknown}
 m - a potion of haste {unknown}
 n - a potion of poison {unknown}
Comestibles
 f - a bread ration
 g - a meat ration
 o - 2 fruits


   Skills:
 - Level 1.0 Fighting
 - Level 1.0 Short Blades
 * Level 3.4 Dodging
 * Level 3.8 Stealth
 + Level 3.8 Evocations


You had 3 spell levels left.
You didn't know any spells.

Dungeon Overview and Level Annotations

Branches:
Dungeon (4/15)
 Temple: D:4-7

Altars:

Annotations:
D:4 Natasha


Innate Abilities, Weirdness & Mutations

You cannot wear most types of armour.
You are amphibious.
You can wear up to eight rings at the same time.
You can use your tentacles to constrict eight enemies at once.
Your skin changes colour to match your surroundings (Stealth).
Your rubbery body absorbs attacks (AC +1).


Message History

There is an open door here.
There is an open door here.
You see here the felid skeleton of Natasha.
You open the door.
There is an open door here.
o - 2 fruits You open the door.
There is an open door here.
Natasha, Servant of Life and Death comes into view.
Natasha is nearby!
Natasha hisses angrily.
Natasha zaps a wand.
The puff of flame hits you!
It is a wand of flame.
Natasha casts a spell.
You barely miss Natasha. Your grab misses Natasha. Natasha barely misses you.
You closely miss Natasha. Your grab misses Natasha. The iron imp hits you!
Natasha claws you!
* * * LOW HITPOINT WARNING * * *
You are too injured to fight recklessly!
Natasha zaps a wand.
The puff of flame hits you!
You die...

......#..##########
.........## ..........#
####......# ####.###
#.# #.# # ### ##'##
#.##.# ##...## #..@h#
##.....## ####5#
#.......## ##.####
#.........####.....##
+.........'............
#.........####.....####
##.......## ##.####
##.....## #.# ##...##
#.#


You could see an iron imp and Natasha.

Vanquished Creatures
  Natasha (twice) (D:4)
  3 adders
  An adder skeleton (D:4)
  2 bat zombies (D:1)
  A giant cockroach (D:3)
  A goblin (D:2)
  A hobgoblin (D:2)
  A quokka (D:2)
  3 bats
  A giant newt (D:2)
  2 kobolds (D:1)
18 creatures vanquished.

Vanquished Creatures (collateral kills)
  A giant cockroach (D:4)
1 creature vanquished.

Grand Total: 19 creatures vanquished

Notes
Turn   | Place    | Note
--------------------------------------------------------------
     0 | D:1      | M4edhros the Octopode Artificer began the quest for the Orb.
     0 | D:1      | Reached XP level 1. HP: 13/13 MP: 3/3
   184 | D:2      | Reached XP level 2. HP: 13/18 MP: 4/4
   450 | D:3      | Noticed a scorpion
   513 | D:4      | Noticed Natasha
   516 | D:4      | Reached XP level 3. HP: 21/23 MP: 5/5
   518 | D:4      | Killed Natasha
   529 | D:4      | Reached XP level 4. HP: 25/28 MP: 6/6
   638 | D:4      | Noticed Natasha
   698 | D:4      | Killed Natasha
   829 | D:4      | Noticed Natasha
   833 | D:4      | Killed from afar by Natasha

Vault maps used:
D:1:      saegor_arrival_fortress
D:2:      lemuel_coloured_pillars_altar, lemuel_doored_altar, first_bread,
          nicolae_tso_swordbearing_angel, uniq_terence
D:3:      minitemple, grunt_decor_mini_mirrors, minivault_14
D:4:      zin_angel, minmay_temple_entry_enclosed_plants, uniq_natasha,
          uniq_robin, uniq_crazy_yiuf_cottage

Action                   |  1- 3 |  4- 6 || total
-------------------------+-------+-------++-------
Melee: Short sword       |    41 |    10 ||    51
Evoke: Wand              |     3 |     1 ||     4
 Stab: Sleeping          |     3 |     1 ||     4
